Map: Vaani Research Station (Void)

Players

Fropez

  • Race: Protoss Protoss
  • League: Gold
  • Spawn Location: 6:00

Auburnfire - Winner!

  • Race: Zerg Zerg
  • League: Gold
  • Spawn Location: 12:00

VOD

Have the link to the VOD?

Description

Time

  • Played on: Jan. 23, 2017, 6:52 p.m.
  • Length: 14:01
Show
View Real Time Build Order
Export as new Build Order

Fropez Protoss 

Build Orders:  

Get SALT Encoding   

  12  0:02  Probe (Chrono Boost)  
  13  0:17  Pylon  
  13  0:22  Probe (Chrono Boost)  
  14  0:33  Probe (Chrono Boost)  
  15  0:39  Gateway  
  15  0:43  Probe (Chrono Boost)  
  16  0:54  Probe (Chrono Boost)  
  16  0:55  Assimilator  
  17  1:04  Probe (Chrono Boost)  
  18  1:15  Probe (Chrono Boost)  
  19  1:20  Gateway  
  19  1:28  Probe (Chrono Boost)  
  20  1:33  Pylon, Cybernetics Core  
  20  1:39  Probe (Chrono Boost)  
  21  1:44  Assimilator  
  21  1:49  Probe (Chrono Boost)  
  22  2:00  Probe (Chrono Boost)  
  23  2:06  Zealot  
  23  2:10  Zealot  
  23  2:12  Probe (Chrono Boost)  
  30  2:24  Forge  
  30  2:25  Mothership Core (Chrono Boost)  
  30  2:30  Gateway  
  30  2:41  Gateway  
  30  2:45  Pylon  
  30  2:56  Probe (Chrono Boost)  
  30  2:57  Warp Gate  
  31  3:02  Gateway  
  31  3:06  Probe (Chrono Boost)  
  32  3:24  Photon Cannon  
  32  3:29  Adept  
  32  3:32  Adept  
  36  3:52  Probe (Chrono Boost)  
  37  3:56  Adept  
  39  4:21  Photon Cannon  
  35  4:39  Nexus  
  35  4:44  Robotics Facility  
  35  4:46  Twilight Council  
  35  4:51  Pylon  
  36  4:53  Probe (Chrono Boost)  
  36  5:04  Adept  
  38  5:08  Protoss Ground Weapons Level 1  
  38  5:11  Pylon  
  38  5:14  Resonating Glaives  
  39  5:15  Probe (Chrono Boost)  
  39  5:22  Pylon  
  39  5:26  Adept  
  41  5:32  Adept  
  43  5:39  Adept  
  45  5:49  Probe (Chrono Boost)  
  46  5:53  Warp Prism  
  48  6:00  Probe (Chrono Boost)  
  49  6:08  Adept x2  
  53  6:13  Adept  
  55  6:30  Adept x2  
  59  6:37  Gateway  
  61  6:40  Probe x2 (Chrono Boost)  
  61  6:41  Observer  
  61  6:42  Assimilator  
  61  6:45  Adept  
  61  6:46  Assimilator  
  64  6:52  Probe (Chrono Boost)  
  64  6:53  Probe (Chrono Boost)  
  66  6:58  Gateway  
  56  7:34  Adept x3  
  56  7:42  Protoss Ground Weapons Level 2  
  52  7:57  Probe x2 (Chrono Boost)  
  46  8:07  Pylon  
  46  8:09  Pylon  
  46  8:10  Probe (Chrono Boost)  
  46  8:11  Probe (Chrono Boost)  
  48  8:26  Dark Shrine  
  48  8:28  Pylon  
  48  8:30  Pylon  
  48  8:33  Probe x2 (Chrono Boost)  
  50  8:36  Pylon  
  50  8:38  Gateway  
  50  8:42  Gateway  
  50  8:45  Probe x2 (Chrono Boost)  
  50  8:46  Zealot x2  
  50  8:47  Zealot x3  
  62  9:06  Observer  
  63  9:12  Gateway x2  
  63  9:14  Gateway  
  63  9:21  Pylon, Forge  
  63  9:31  Adept x4  
  61  10:11  Dark Templar  
  61  10:12  Dark Templar x4  
  53  11:13  Dark Templar x3  
  53  11:14  Dark Templar x5  
  53  11:15  Dark Templar x2  
  71  11:47  Zealot x2  
  71  11:48  Zealot  
  69  11:59  Dark Templar x2  
  69  12:00  Dark Templar x5  
  53  12:50  Dark Templar  
  53  12:51  Dark Templar  
Show
View Real Time Build Order
Export as new Build Order

Auburnfire Zerg - Winner!

Build Orders: Pool First 

Get SALT Encoding   

  12  0:00  Drone  
  13  0:23  Spawning Pool  
  13  0:26  Drone  
  13  0:30  Drone  
  14  0:39  Overlord  
  14  0:48  Extractor  
  14  0:49  Drone  
  14  1:10  Zergling x4  
  14  1:11  Zergling x2  
  17  1:15  Queen  
  19  1:43  Hatchery  
  18  1:53  Drone x2  
  20  2:02  Metabolic Boost  
  20  2:18  Drone x2  
  22  2:44  Overlord x2  
  21  2:57  Queen  
  21  2:58  Drone  
  24  3:17  Zergling x12  
  24  3:19  Drone x2  
  32  3:30  Baneling Nest  
  32  3:31  Drone  
  32  3:35  Drone  
  33  3:42  Drone  
  34  3:49  Spore Crawler  
  34  3:53  Drone, Spore Crawler  
  33  3:56  Drone  
  33  3:59  Drone  
  35  4:04  Drone  
  34  4:23  Overlord x2  
  34  4:25  Drone x3  
  34  4:30  Drone x3  
  40  4:35  Drone  
  41  4:41  Drone x2  
  43  4:45  Lair  
  43  4:48  Drone  
  43  5:12  Extractor  
  43  5:13  Drone x4  
  46  5:15  Hatchery  
  46  5:19  Drone x4  
  49  5:33  Roach Warren  
  48  5:36  Drone x3  
  48  5:40  Extractor  
  50  5:43  Zergling x4  
  50  5:44  Zergling x2  
  50  5:48  Zergling x2  
  54  5:55  Centrifical Hooks  
  54  5:58  Overseer  
  54  6:01  Drone x3  
  58  6:04  Zergling x4  
  58  6:07  Overlord x2  
  59  6:13  Glial Reconstitution  
  57  6:19  Extractor  
  55  6:30  Overseer  
  55  6:35  Zergling x10  
  55  6:36  Zergling x8  
  55  6:37  Queen  
  55  6:38  Overlord  
  66  6:49  Roach x2  
  66  6:50  Roach x6  
  65  7:30  Roach x6  
  65  7:31  Roach x5  
  83  7:40  Drone  
  83  7:43  Queen  
  77  7:44  Roach  
  70  8:03  Drone x4  
  70  8:04  Drone x3  
  77  8:14  Drone  
  78  8:32  Zergling x12  
  84  8:39  Hatchery  
  83  8:46  Spore Crawler, Drone x4  
  86  8:52  Zergling x4  
  86  8:53  Zergling x2  
  89  8:56  Overlord x2  
  89  9:05  Evolution Chamber  
  89  9:08  Drone x2  
  90  9:16  Baneling x4  
  90  9:17  Baneling x4  
  90  9:18  Baneling x4  
  90  9:46  Roach x5  
  90  9:47  Roach x3  
  90  9:49  Overlord x5  
  90  9:50  Overlord  
  98  10:13  Roach x4  
  98  10:14  Roach x6  
  110  10:15  Roach x2  
  120  10:26  Drone x5  
  120  10:27  Drone x2  
  127  10:43  Queen  
  127  10:44  Drone  
  130  10:54  Pneumatized Carapace  
  124  11:11  Roach  
  124  11:12  Roach x6  
  124  11:13  Roach x6  
  136  12:01  Roach x5  
  138  12:02  Roach x2  
  137  12:33  Zergling x8  
  134  13:03  Hatchery  
  119  13:52  Hatchery  
Tags
 
Add a new tag
Caveats
  • Supply blocks, unpowered buildings, or Contaminate may cause inaccurate times.
  • Supply counts are checked every 10 seconds.